 Dungeon Crawl Stone Soup version 0.21-a0-51-gea492e9 (webtiles) character file.

4054 MackTheKnife the Martial Artist (level 10, -11/91 HPs)
             Began as a Purple Draconian Transmuter on June 12, 2017.
             Was a Believer of Fedhas.
             Mangled by a two-headed ogre
             ... wielding a +0 giant club
              (17 damage)
             ... on level 7 of the Dungeon.
             The game lasted 00:16:59 (8864 turns).

MackTheKnife the Martial Artist (DrTm)              Turns: 8864, Time: 00:16:59

Health: -11/91     AC: 10    Str: 14    XL:     10   Next: 4%
Magic:  8/13       EV: 16    Int: 13    God:    Fedhas [**....]
Gold:   349        SH:  0    Dex: 14    Spells: 10/13 levels left

rFire    . . .     SeeInvis .     - Unarmed
rCold    . . .     Gourm    .   (no shield)
rNeg     . . .     Faith    .   (armour unavailable)
rPois    .         Spirit   .   s - +2 hat
rElec    .         Reflect  .   (no cloak)
rCorr    .         Harm     .   (no gloves)
MR       +....                  A - +0 pair of boots
Stlth    +.........             (no amulet)
Regen    0.3/turn               (no ring)
MPRegen  0.2/turn               (no ring)

@: short of breath, very slightly contaminated
A: breathe power, unfitting armour, cold-blooded, AC +7
a: Breathe Dispelling Energy, Fungal Bloom, Evolution, Sunlight, Renounce
Religion


You were on level 7 of the Dungeon.
You worshipped Fedhas.
Fedhas was pleased with you.
You were not hungry.

You visited 1 branch of the dungeon, and saw 7 of its levels.
You also visited: Ossuary.

You collected 349 gold pieces.

Inventory:

Missiles
 q - 167 arrows
Armour
 s - a +2 hat (worn)
   (You found it on level 3 of the Dungeon)
 z - a +0 ring mail
   (You found it on level 7 of the Dungeon)
 A - a +0 pair of boots (worn)
   (You found it on level 7 of the Dungeon)
 C - a +0 animal skin
   (You took it off a human on level 7 of the Dungeon)
Wands
 k - a wand of polymorph (11/24)
   (You found it on level 6 of the Dungeon)
 u - a wand of disintegration (15/24)
   (You found it on level 7 of the Dungeon)
 w - a wand of confusion (28/48)
   (You took it off Ijyb on level 3 of the Dungeon)
 y - a wand of acid (15/15)
   (You found it on level 4 of the Dungeon)
Scrolls
 a - 3 scrolls of teleportation
 f - a scroll of remove curse
 i - a scroll of magic mapping {!r}
 t - a scroll of fear
Potions
 d - 2 potions of heal wounds {unknown}
 e - 2 potions of flight
 g - a potion of mutation {unknown}
 h - 4 potions of lignification {unknown}
 l - 4 potions of curing
 n - 3 potions of invisibility {unknown}
 o - 2 potions of resistance
 r - 5 potions of brilliance
 x - a potion of agility
 E - a potion of haste
 F - 5 potions of might {unknown}
Books
 b - a book of Changes
 v - a book of Maledictions
   (You found it on level 3 of the Dungeon)
 B - a book of Cantrips
   (You found it on level 4 of the Dungeon)
Comestibles
 c - 8 bread rations {@e1}
 j - 9 royal jellies
 m - 3 meat rations {@e2}
 p - 6 fruits
 D - a chunk of flesh {@w0}


   Skills:
 + Level 9.3 Fighting
 + Level 6.7 Dodging
 - Level 10.0 Unarmed Combat
 - Level 2.4 Spellcasting
 - Level 2.0 Transmutations


You had 10 spell levels left.
You knew the following spells:

 Your Spells              Type           Power        Failure   Level  Hunger
s - Sticks to Snakes      Tmut           #.......     16%         2    ###....
z - Beastly Appendage     Tmut           #.....       11%         1    #......


Dungeon Overview and Level Annotations

Branches:
Dungeon (7/15)             Temple (0/1) D:4

Altars:
Cheibriados
Elyvilon
Fedhas
Kikubaaqudgha
Nemelex Xobeh
Okawaru
Ru
Sif Muna
Zin


Innate Abilities, Weirdness & Mutations

You can breathe bolts of dispelling energy.
Your rich purple scales are hard. (AC +7)
You cannot fit into any form of body armour.
You are cold-blooded and may be slowed by cold attacks.


Message History

You kill the hog!
You have reached level 10!
You regained 8 hp, and now have 81/91 hp.
MP restored: 13
There is an open door, spattered with blood here.
Things that are here:
a hand axe; an animal skin; a human corpse You see here a hog corpse.
You butcher the hog corpse.
You see here 3 chunks of flesh {@w0}.
Eat one of 3 chunks of flesh {@w0}? (ye/n/q)
You eat one of the 3 chunks of flesh {@w0}.
You punch the hog! The hog completely misses you.
You punch the hog! The hog closely misses you.
You hit the hog.
You kill the hog!
No target in view!
C - an animal skin
There is an open door, spattered with blood here.
Things that are here:
a hand axe; a human corpse A toadstool grows at your feet.
A toadstool grows from a nearby corpse.
Fedhas appreciates your contribution to the ecosystem.
m - 3 meat rations {@e2} (gained 1)
j - 9 royal jellies (gained 4)
c - 8 bread rations {@e1} (gained 2)
A nearby toadstool withers and dies.
There is an open door, spattered with blood here.
Things that are here:
a hand axe; a human skeleton
D - 2 chunks of flesh {@w0} A nearby toadstool withers and dies.
Eating one of 2 chunks of flesh {@w0}.
You eat one of the 2 chunks of flesh {@w0}.
A two-headed ogre comes into view.
It is wielding a giant club and a giant spiked club.
You regained 5 hp, and now have 90/91 hp.
A two-headed ogre is nearby!
A two-headed ogre is nearby!
A two-headed ogre is nearby!
The two-headed ogre shouts in stereo!
Casting: Sticks to Snakes You create a snake!
You now have 168 arrows.
Health restored: 91 You now have 11/13 mp.
Casting: Sticks to Snakes You create a snake!
You now have 167 arrows.
The two-headed ogre hits your ball python with a giant club!!
Your ball python dies!
You now have 9/13 mp.
Casting: Sticks to Snakes You miscast Sticks to Snakes.
You are very lightly contaminated with residual magic.
Your skin tingles.
You now have 7/13 mp.
You hit the two-headed ogre.
Your tail-slap misses the two-headed ogre.
Your adder bites the two-headed ogre but does no damage.
The two-headed ogre barely misses you. The two-headed ogre closely misses you.
You punch the two-headed ogre!
Your adder bites the two-headed ogre.
The two-headed ogre is poisoned.
Your adder poisons the two-headed ogre!
The two-headed ogre closely misses your adder.
The two-headed ogre misses your adder.
You barely miss the two-headed ogre.
Your adder barely misses the two-headed ogre.
You hit the two-headed ogre.
Your adder bites the two-headed ogre but does no damage.
The two-headed ogre hits you with a giant club!!
The two-headed ogre misses you.
You take 22 damage, and have 69/91 hp.
MASSIVE DAMAGE!!
You hit the two-headed ogre but do no damage.
Your adder barely misses the two-headed ogre.
You punch the two-headed ogre!
Your adder bites the two-headed ogre.
The two-headed ogre misses you. The two-headed ogre closely misses you.
Your adder bites the two-headed ogre.
The two-headed ogre hits your adder with a giant club!!
Your adder dies!
The two-headed ogre looks more healthy.
You hit the two-headed ogre.
You tail-slap the two-headed ogre, but do no damage.
The two-headed ogre misses you. The two-headed ogre barely misses you.
You hit the two-headed ogre. The two-headed ogre barely misses you.
The two-headed ogre hits you with a giant spiked club!
You take 15 damage, and have 55/91 hp.
You hit the two-headed ogre but do no damage.
Aim: a two-headed ogre, wielding a giant club and a giant spiked club (severely wounded)
You breathe a bolt of dispelling energy.
The bolt of dispelling energy hits the two-headed ogre.
You feel somewhat more hungry.
The two-headed ogre hits you with a giant club!!
The two-headed ogre hits you but does no damage.
You take 20 damage, and have 36/91 hp.
MASSIVE DAMAGE!!
You hit the two-headed ogre.
Your tail-slap misses the two-headed ogre.
The two-headed ogre hits you with a giant club!!
* * * LOW HITPOINT WARNING * * *
The two-headed ogre hits you with a giant spiked club!
You die...
Fedhas appreciates your contribution to the ecosystem.

##.⌠.#.⌠.###.......# #
##.....##
#.......#####
##..+#####............
#....................
##...(.......###.####
#...........# #.#
#...........# #.#
#...........# #.#
#.O@........# #.#
#...........# ...
#.#########.# ... #.#
.# ).. #.# # #.# #.#
#.####### #.......#


You could see a two-headed ogre.

Vanquished Creatures
  The ghost of grindst0ne the Archer, a novice CeHu of Okawaru (D:6)
  A hippogriff (D:7)
  A human (D:7)
  A wraith (Ossuary)
  4 hogs (D:7)
  A warg (D:6)
  2 water moccasins (D:7)
  A sky beast (D:5)
  An orc warrior (D:5)
  3 ice beasts
  A black bear (D:6)
  3 ogres
  3 centaurs
  A bullfrog (D:6)
  A scorpion (D:5)
  3 vampire bats (D:7)
  A crimson imp (D:6)
  4 jellies
  2 bullfrog zombies
  A centaur skeleton (D:4)
  A bullfrog skeleton (D:4)
  3 hounds
  An iguana (D:4)
  3 worker ants
  Ijyb (D:3)
  2 hound zombies
  A mummy (Ossuary)
  2 gnolls (D:3)
  9 adders
  An ooze (D:1)
  3 adder skeletons
  3 worms
  2 dart slugs (D:2)
  A leopard gecko (D:6)
  10 orcs
  A ball python (D:5)
  3 bat skeletons (D:7)
  A bat zombie (D:7)
  7 giant cockroaches
  5 goblins
  4 hobgoblins (D:1)
  15 jackals
  2 quokkas
  6 bats
  5 frilled lizards
  5 gnoll skeletons (Ossuary)
  A goblin zombie (D:5)
  A jackal zombie (D:7)
  6 kobolds
  8 kobold skeletons (Ossuary)
  10 orc skeletons (Ossuary)
  3 quokka skeletons
  A quokka zombie (D:5)
  7 rats
170 creatures vanquished.

Vanquished Creatures (collateral kills)
  Edmund (D:6)
  A hound (D:4)
  An orc priest (D:5)
  An iguana (D:5)
  2 gnolls (D:3)
  2 adders (D:2)
  3 orcs (D:4)
  A jackal (D:4)
  2 gnoll skeletons (Ossuary)
  A rat (D:2)
15 creatures vanquished.

Vanquished Creatures (others)
  44 toadstools
44 creatures vanquished.

Grand Total: 229 creatures vanquished

Notes
Turn   | Place    | Note
-------+----------+-------------------------------------------
     0 | D:1      | MackTheKnife the Draconian Transmuter began the quest for the Orb.
     0 | D:1      | Reached XP level 1. HP: 16/16 MP: 3/3
   364 | D:1      | Reached XP level 2. HP: 23/23 MP: 5/5
   840 | D:1      | Learned a level 2 spell: Sticks to Snakes
   936 | D:1      | Reached skill level 4 in Unarmed Combat
  1095 | D:2      | Reached XP level 3. HP: 28/28 MP: 3/6
  1299 | D:2      | Found a blossoming altar of Fedhas.
  1319 | D:2      | Became a worshipper of Fedhas Madash
  1647 | D:2      | Reached XP level 4. HP: 31/35 MP: 5/7
  1665 | D:2      | Reached skill level 5 in Unarmed Combat
  3015 | D:3      | Noticed Ijyb
  3022 | D:3      | Killed Ijyb
  3022 | D:3      | Reached XP level 5. HP: 36/40 MP: 5/8
  3026 | D:3      | Reached skill level 6 in Unarmed Combat
  3205 | D:4      | Found a snail-covered altar of Cheibriados.
  3335 | D:4      | Found an iron altar of Okawaru.
  3375 | D:4      | Reached XP level 6. HP: 20/47 MP: 6/9
  3562 | D:4      | Reached * piety under Fedhas
  3585 | D:4      | Reached skill level 7 in Unarmed Combat
  3793 | D:4      | Found a staircase to the Ecumenical Temple.
  3856 | D:4      | Reached skill level 2 in Fighting
  4186 | D:4      | Reached skill level 3 in Fighting
  4186 | D:4      | Your scales start taking on a rich purple colour.
  4186 | D:4      | Reached XP level 7. HP: 31/57 MP: 5/10
  4519 | D:5      | Entered Level 5 of the Dungeon
  4571 | D:5      | Found a white marble altar of Elyvilon.
  4573 | D:5      | Found a sacrificial altar of Ru.
  4835 | D:5      | Found a deep blue altar of Sif Muna.
  4835 | D:5      | Found a glowing silver altar of Zin.
  4978 | D:5      | Reached skill level 4 in Fighting
  4988 | D:5      | Found a sand-covered staircase.
  4995 | Ossuary  | Entered an ossuary
  4995 | Ossuary  | Noticed a wraith
  4995 | Ossuary  | Noticed a wraith
  4995 | Ossuary  | Noticed a wraith
  5139 | Ossuary  | Reached skill level 8 in Unarmed Combat
  5278 | Ossuary  | Noticed a wraith
  5303 | Ossuary  | Killed a wraith
  5667 | D:5      | HP: 9/60 [acid (8)]
  5672 | D:5      | HP: 8/60 [jelly (2)]
  5997 | D:5      | Reached skill level 5 in Fighting
  5997 | D:5      | Reached skill level 2 in Dodging
  6184 | D:5      | Reached XP level 8. HP: 64/68 MP: 9/11
  6532 | D:6      | Noticed grindst0ne's ghost (novice CeHu)
  7004 | D:5      | Reached skill level 3 in Dodging
  7284 | D:6      | Killed grindst0ne's ghost
  7284 | D:6      | Reached skill level 6 in Fighting
  7284 | D:6      | Reached skill level 4 in Dodging
  7284 | D:6      | Reached skill level 9 in Unarmed Combat
  7348 | D:6      | Noticed Edmund
  7366 | D:6      | Killed Edmund
  7366 | D:6      | Reached XP level 9. HP: 58/78 MP: 6/12
  7389 | D:6      | Reached skill level 7 in Fighting
  7814 | D:6      | Reached ** piety under Fedhas
  7914 | D:6      | Reached skill level 5 in Dodging
  8172 | D:7      | Found a sparkling altar of Nemelex Xobeh.
  8225 | D:7      | Reached skill level 10 in Unarmed Combat
  8276 | D:7      | Reached skill level 8 in Fighting
  8646 | D:7      | Found an ancient bone altar of Kikubaaqudgha.
  8654 | D:7      | Reached skill level 6 in Dodging
  8790 | D:7      | Reached skill level 9 in Fighting
  8808 | D:7      | Reached XP level 10. HP: 81/91 MP: 13/13
  8846 | D:7      | Noticed a two-headed ogre
  8864 | D:7      | HP: 6/91 [two-headed ogre/giant club (30)]
  8864 | D:7      | Mangled by a two-headed ogre

Vault maps used:
D:1:      dpeg_arrival_long_road, st_stairs_13, minivault_24
D:2:      nicolae_overflow_crystal_walls, serial_corexii_hall,
          corexii_hall_statues_u, corexii_hall_statues_u, first_bread,
          minmay_randomly_rotated_circles
D:3:      uniq_ijyb
D:4:      wad_pebble_path, cheibriados_altar_1, marbit_many_paths,
          minmay_temple_entry_butterflies
D:5:      gammafunk_temple_overflow_statue, nicolae_overflow_hidden_temple,
          enter_ossuary_4, grunt_ministairs_11
D:6:      uniq_edmund
D:7:      overflow_temple_1_default, kennysheep_mini_moat,
          kennysheep_vampire_church, grunt_livestock, corexii_leaking_fountain
Ossuary:  ossuary_due_mausoleum

Skill      XL: |  1  2  3  4  5  6  7  8  9 |
---------------+----------------------------+-----
Unarmed Combat | 4 5 6 7 8 9 10 | 10.0
Fighting       | 3 5 6 9 |  9.3
Dodging        | 2 4 6 |  6.7
Spellcasting   | |  2.4
Transmutations | |  2.0

Action                   |  1- 3 |  4- 6 |  7- 9 | 10-12 || total
-------------------------+-------+-------+-------+-------++-------
Melee: Unarmed           |   135 |   169 |   426 |    13 ||   743
       Tailslap          |    10 |    18 |    61 |     1 ||    90
       Headbutt          |     1 |       |       |       ||     1
       Punch             |       |     3 |    14 |       ||    17
       Kick              |       |     1 |     9 |       ||    10
 Cast: Beastly Appendage |     2 |     2 |     3 |       ||     7
       Sticks to Snakes  |     4 |    13 |    27 |     2 ||    46
Invok: Fungal Bloom      |     3 |    11 |     3 |     1 ||    18
 Abil: Breathe Dispellin |       |       |     3 |     1 ||     4
Evoke: Wand              |       |       |     1 |       ||     1
  Use: Scroll            |       |       |    18 |       ||    18
       Potion            |       |       |     1 |       ||     1
 Stab: Sleeping          |     3 |       |     4 |       ||     7
       Distracted        |       |       |     3 |       ||     3
  Eat: Chunk             |     3 |     8 |     9 |     2 ||    22
       Bread ration      |       |       |     2 |       ||     2
Armor: Skin              |    36 |    29 |   145 |     1 ||   211
Dodge: Dodged            |    70 |    91 |   268 |    10 ||   439

Vault maps used:
D:1:      dpeg_arrival_long_road, st_stairs_13, minivault_24
D:2:      nicolae_overflow_crystal_walls, serial_corexii_hall,
          corexii_hall_statues_u, corexii_hall_statues_u, first_bread,
          minmay_randomly_rotated_circles
D:3:      uniq_ijyb
D:4:      wad_pebble_path, cheibriados_altar_1, marbit_many_paths,
          minmay_temple_entry_butterflies
D:5:      gammafunk_temple_overflow_statue, nicolae_overflow_hidden_temple,
          enter_ossuary_4, grunt_ministairs_11
D:6:      uniq_edmund
D:7:      overflow_temple_1_default, kennysheep_mini_moat,
          kennysheep_vampire_church, grunt_livestock, corexii_leaking_fountain
Ossuary:  ossuary_due_mausoleum

Table legend:
 A = Turns spent in this place as a percentage of turns spent in the entire game.
 B = Non-inter-level travel turns spent in this place as a percentage of non-inter-level travel turns spent in the entire game.
 C = Inter-level travel turns spent in this place as a percentage of turns spent in this place.
 D = Turns resting spent in this place as a percentage of non-inter-level travel turns spent in this place.
 E = Turns spent auto-exploring this place as a percentage of non-inter-level travel turns spent in this place.
 F = Non-inter-level travel turns spent in this place divided by the number of levels of this place that you've seen.
                   A       B       C       D       E      F
               +-------+-------+-------+-------+-------+----------------------
         Total | 100.0 | 100.0 |   0.4 |   4.1 |   6.9 | 338.6
       Dungeon |  91.7 |  91.7 |   0.5 |   4.1 |   7.2 | 354.7
       Ossuary |   8.3 |   8.3 |   0.0 |   4.4 |   2.7 | 226.0
               +-------+-------+-------+-------+-------+----------------------

Table legend:
 A = Kills in this place as a percentage of kills in entire the game.
 B = Kills by you in this place as a percentage of kills by you in the entire game.
 C = Kills by friends in this place as a percentage of kills by friends in the entire game.
 D = Other kills in this place as a percentage of other kills in the entire game.
 E = Experience gained in this place as a percentage of experience gained in the entire game.
 F = Experience gained in this place divided by the number of levels of this place that you have seen.
                   A       B       C       D       E      F
               +-------+-------+-------+-------+-------+----------------------
         Total | 100.0 | 100.0 | 100.0 |  -nan | 100.0 | 724.0
       Dungeon |  85.4 |  85.3 |  86.7 |  -nan |  96.4 | 798.0
       Ossuary |  14.6 |  14.7 |  13.3 |  -nan |   3.6 | 206.0
               +-------+-------+-------+-------+-------+----------------------
